 Dungeon Crawl Stone Soup version 0.31.0-11-ge490571c62 (webtiles) character file.

Game seed: 6758765836111036250

53252 pyrouette the Geomancer (level 14, -2/86 HPs)
             Began as a Gargoyle Earth Elementalist on Jan 31, 2024.
             Was a High Priest of Vehumet.
             Succumbed to barbed spike wounds
             ... on level 5 of the Lair of Beasts.
             The game lasted 02:13:01 (29515 turns).

pyrouette the Geomancer (GrEE)                     Turns: 29515, Time: 02:13:02

Health: -2/86      AC: 17    Str: 16    XL:     14   Next: 67%
Magic:  18/37      EV: 17    Int: 19    God:    Vehumet [*****.]
Gold:   1331       SH:  9    Dex: 10    Spells: 24/33 levels left

rFire   . . .        V - staff of earth
rCold   . . .        K - +0 kite shield
rNeg    + + .        a - +0 robe
rPois   ∞            R - +0 helmet
rElec   +            (no cloak)
rCorr   .            X - +2 pair of gloves
SInv    .            M - +0 pair of boots
Will    +....        T - amulet of Lug Yroj {Faith rN+ Str+2 Stlth+}
Stlth   +++++        q - +5 ring of evasion
HPRegen 0.34/turn    n - ring of magical power
MPRegen 0.25/turn

%: faith
@: spiked, flying
A: sickness immunity, AC +10, big wings, negative energy resistance 1,
electricity resistance, torment resistance 1, petrification resistance
a: Renounce Religion


You were on level 5 of the Lair of Beasts.
You worshipped Vehumet.
Vehumet was extremely pleased with you.
You visited 3 branches of the dungeon, and saw 19 of its levels.

You collected 1331 gold pieces.

Inventory:

Hand Weapons
 d - a +2 hand axe of flaming
 w - the +6 hand axe "Ceduhoest" {elec, rC+ rN+ Str+4}
   (You found it on level 6 of the Dungeon)

   Str+4:     It affects your strength (+4).
   rC+:       It protects you from cold.
   rN+:       It protects you from negative energy.
 P - a +2 scimitar of flaming
Armour
 a - a +0 robe (worn)
 h - a +2 cloak of stealth
 D - the +0 leather armour of the Bulwark {rPois}
   (You found it on level 8 of the Dungeon)

   rPois:     It protects you from poison
 K - a +0 kite shield (worn)
 M - a +0 pair of boots (worn)
 R - a +0 helmet (worn)
 X - a +2 pair of gloves (worn)
Magical Staves
 f - the staff of Bodily Humours {rN+ Str+3 Dex+3 Conj Earth}
   (You acquired it on level 2 of the Dungeon)

   [staff of earth]

   Base accuracy: +5 Base damage: 5 Base attack delay: 1.2 This weapon's minimum
   attack delay (0.6) is reached at skill level 12.
   Str+3:     It affects your strength (+3).
   Dex+3:     It affects your dexterity (+3).
   rN+:       It protects you from negative energy.
   Conj:      It increases the power of your Conjurations spells.
   Earth:     It increases the power of your Earth spells.
   It falls into the 'Staves' category.
   It is a one-handed weapon.
 i - a staff of fire
 s - a staff of conjuration
 V - a staff of earth (weapon)
Jewellery
 n - a ring of magical power (right hand)
 p - a ring of fire
 q - a +5 ring of evasion (left hand)
 y - a +6 ring of dexterity
 C - a ring of protection from cold
 E - a ring of willpower
 I - an amulet of regeneration
 Q - a +5 ring of evasion
 T - the amulet of Lug Yroj (around neck) {Faith rN+ Str+2 Stlth+}
   (You found it on level 1 of the Lair of Beasts)

   [amulet of faith]

   Faith:     It allows you to gain divine favour quickly.
   Str+2:     It affects your strength (+2).
   rN+:       It protects you from negative energy.
   Stlth+:    It makes you more stealthy.
Wands
 l - a wand of paralysis (23)
 t - a wand of iceblast (8)
 W - a wand of flame (7)
Scrolls
 g - a scroll of amnesia {unknown}
 r - a scroll of identify
 u - a scroll of poison {unknown}
 x - 7 scrolls of teleportation
 B - a scroll of enchant armour
 F - a scroll of revelation {unknown}
 G - 2 scrolls of vulnerability
 H - a scroll of silence {unknown}
 L - a scroll of butterflies {unknown}
 O - a scroll of acquirement
 U - a scroll of immolation
 Y - a scroll of fear
Potions
 b - 2 potions of magic
 c - a potion of heal wounds
 e - 4 potions of ambrosia
 j - 2 potions of brilliance
 k - 4 potions of haste
 m - 3 potions of mutation
 o - a potion of cancellation
 v - 2 potions of lignification
 z - 4 potions of curing
 A - 2 potions of attraction
 J - 3 potions of enlightenment
 N - 2 potions of might
Miscellaneous
 Z - a box of beasts


   Skills:
 + Level 9.0 Fighting
 + Level 7.0 Dodging
 + Level 10.0 Stealth
 + Level 6.3 Shields
 * Level 10.4 Spellcasting
 * Level 12.1 Conjurations
 + Level 5.3 Fire Magic
 * Level 13.6 Earth Magic
 + Level 4.8 Evocations


You had 24 spell levels left.
You knew the following spells:

 Your Spells              Type           Power      Damage    Failure   Level
a - Sandblast             Erth           100%       2d20      1%          1
b - Stone Arrow           Conj/Erth      100%       3d13      1%          3
c - Fireball              Conj/Fire      21%        3d10      4%          5

Your spell library contained the following spells:

 Spells                   Type           Power      Damage    Failure   Level
 Orb of Destruction       Conj           27%        9d9       26%         7
 Passwall                 Erth           75%        N/A       1%          3
 Brom's Barrelling Bould  Conj/Erth      73%        2d9       1%          4
 Petrify                  Alch/Erth      52%        N/A       11%         4
 Arcjolt                  Conj/Air       16%        1d26      11%         5
 Ignite Poison            Fire/Alch      20%        N/A       16%         4
 Slow                     Hex            36%        N/A       19%         1
 Starburst                Conj/Fire      21%        6d7       19%         6
 Borgnjor's Vile Clutch   Necr/Erth      26%        N/A       30%         5
 Confusing Touch          Hex            9%         N/A       47%         3
 Gell's Gravitas          Tloc           9%         N/A       47%         3
 Sigil of Binding         Hex            9%         N/A       47%         3
 Teleport Other           Tloc           9%         N/A       47%         3
 Vampiric Draining        Necr           9%         2d6       47%         3
 Summon Blazeheart Golem  Fire/Summ      20%        N/A       52%         4
 Animate Dead             Necr           9%         N/A       87%         4
 Vhi's Electric Charge    Tloc/Air       18%        N/A       87%         4
 Plasma Beam              Fire/Air       10%        2x1d21    89%         6
 Alistair's Intoxication  Alch           6%         N/A       99%         5
 Curse of Agony           Necr           9%         N/A       99%         5
 Eringya's Noxious Bog    Alch           4%         4d6       99%         6
 Death Channel            Necr           4%         N/A       100%        6
 Dispersal                Tloc           4%         N/A       100%        6


Dungeon Overview and Level Annotations

Branches:
Dungeon (13/15)            Temple (1/1) D:6            Lair (5/5) D:11
  Swamp (0/4) Lair:2       Spider (0/4) Lair:2        Slime (0/5) Lair:5
    Orc (0/2) D:9
 Vaults: D:13-14

Altars:
Ashenzari
Cheibriados
Dithmenos
Elyvilon
Fedhas
Gozag
Hepliaklqana
Kikubaaqudgha
Makhleb
Nemelex Xobeh
Okawaru
Qazlal
Ru
Sif Muna
Trog
Uskayaw
Vehumet
Wu Jian
Xom
Yredelemnul
Zin
The Shining One
Jiyva

Shops:
D:4 (   D:11 [([

Portals:
Trove: D:11 (give 10 potions of heal wounds)


Innate Abilities, Weirdness & Mutations

You are immune to sickness and miasma.
Your stone body is resilient. (AC +10)
You are immune to poison.
Your large and strong wings let you fly.
You resist negative energy. (rN+)
You are resistant to electric shocks. (rElec)
You are resistant to unholy torment.
You are immune to petrification.


Message History

The death yak misses you. The death yak closely misses you.
Your Stealth skill increases to level 10!
The death yak gores you but does no damage.
The manticore bites the fungus!!
The fungus begins to die.
The manticore claws the fungus.
The manticore claws the fungus!
A nearby fungus withers and dies.
The death yak attacks as it pursues you!
The death yak gores you!
You see here a basilisk skeleton.
The death yak attacks as it pursues you!
You block the death yak's attack.
The death yak attacks as it pursues you!
The death yak barely misses you.
The death yak attacks as it pursues you!
The death yak misses you.
The death yak attacks as it pursues you!
The death yak barely misses you.
The manticore flicks its tail.
The volley of spikes skewers you!
The barbed spikes become lodged in your body.
The barbed spikes dig painfully into your body as you move.
* * * LOW HITPOINT WARNING * * *
The barbed spikes dig painfully into your body as you move.
* * * LOW HITPOINT WARNING * * *
The manticore flicks its tail.
The volley of spikes skewers you!
The barbed spikes become lodged in your body.
* * * LOW HITPOINT WARNING * * *
The barbed spikes dig painfully into your body as you move.
* * * LOW HITPOINT WARNING * * *
The death yak attacks as it pursues you!
The death yak misses you.
The barbed spikes dig painfully into your body as you move.
* * * LOW HITPOINT WARNING * * *
The barbed spikes dig painfully into your body as you move.
* * * LOW HITPOINT WARNING * * *
The barbed spikes dig painfully into your body as you move.
* * * LOW HITPOINT WARNING * * *
The barbed spikes dig painfully into your body as you move.
You die...

..........##...........###......#
..#.#P....##...#H#...####......#.
.#.#.........#.......##..........
....#..#...##Y..#P...##..........
...........##.########...........
..........##.Y#### #.......###.#.
...........##..Y.# ##.<....##.#..
..w....#..######.# ##....#.#.#...
...P^..#######.#@###....##.Y.....
.......#.##...#.#......###.......
.##...†................##.Y.....#
###P...............#.##......##
#..#..............#.#.....##
####....##........#.....#.#
##...###....###.#........#
#.###.###....#........#.##
#....................####


You could see a death yak.

Vanquished Creatures
  A dire elephant (Lair:5)
  Josephine (Lair:4)
  A hydra (Lair:3)
  A catoblepas (Lair:4)
  3 boulder beetles
  Erica (D:11)
  4 two-headed ogres
  Sonja (Lair:4)
  Nergalle (D:10)
  3 skysharks
  A bog body (Lair:2)
  A necromancer (D:13)
  Pikel (D:7)
  21 elephants
  15 cane toads
  3 torpor snails
  6 black mambas
  A gargoyle (D:11)
  4 rime drakes
  Maggie (Lair:2)
  17 komodo dragons
  Psyche (D:11)
  5 polar bears
  A tyrant leech (Lair:5)
  4 blink frogs (Lair:5)
  2 trolls
  3 hornets (Lair:5)
  14 dream sheep
  3 shadows
  3 wyverns
  6 wraiths
  28 yaks
  6 basilisks
  A warg (D:9)
  2 steam dragons
  A swamp worm (Lair:2)
  An acid dragon (D:9)
  22 water moccasins
  An ice beast (D:7)
  A sky beast (D:8)
  A black bear (D:11)
  An orc warrior (D:10)
  2 laughing skulls (D:13)
  3 ogres (D:6)
  18 wolves
  A lemure (D:7)
  2 centaurs
  2 phantoms (D:6)
  4 kobold brigands
  14 bullfrogs
  2 gnoll sergeants
  4 scorpions
  14 wights
  5 killer bees (D:8)
  4 howler monkeys
  3 electric eels
  A bombardier beetle (D:6)
  Crazy Yiuf (D:3)
  5 hounds
  3 orc priests
  4 gnoll boudas
  4 jellies
  3 sleepcaps (D:4)
  A hell rat (Lair:5)
  7 orc wizards
  A mummy (D:6)
  20 gnolls
  20 adders
  A shadow imp (D:6)
  A white imp (D:8)
  3 ribbon worms
  A dart slug (D:2)
  22 orcs
  7 ball pythons
  4 endoplasms
  3 giant cockroaches
  9 goblins
  6 hobgoblins
  3 jackals (D:4)
  4 quokkas
  6 bats
  4 frilled lizards
  A goblin zombie (D:6)
  23 kobolds
  A kobold zombie (D:6)
  A rat (D:3)
443 creatures vanquished.

Notes
Turn   | Place    | Note
-------+----------+-------------------------------------------
     0 | D:1      | pyrouette the Gargoyle Earth Elementalist began the quest
                  | for the Orb.
     0 | D:1      | Reached XP level 1. HP: 10/10 MP: 3/3
   227 | D:1      | Reached XP level 2. HP: 15/15 MP: 5/5
   525 | D:1      | Found a faded altar of an unknown god.
   815 | D:1      | Reached skill level 4 in Earth Magic
  1118 | D:2      | Reached XP level 3. HP: 16/20 MP: 2/6
  1694 | D:2      | Reached skill level 1 in Fighting
  2238 | D:2      | Identified a scroll of acquirement
  2238 | D:2      | Acquired the staff of Bodily Humours {rN+ Str+3 Dex+3 Conj
                  | Earth}
  2335 | D:3      | Reached XP level 4. HP: 25/25 MP: 4/7
  2471 | D:3      | Found a runed translucent door.
  2472 | D:3      | Noticed Crazy Yiuf
  2479 | D:3      | Killed Crazy Yiuf
  3411 | D:3      | Reached XP level 5. HP: 29/29 MP: 7/9
  3492 | D:3      | Learned a level 3 spell: Stone Arrow
  4163 | D:4      | Reached XP level 6. HP: 35/35 MP: 10/10
  4185 | D:4      | Found Daskonagg's Antique Weapon Shoppe.
  4334 | D:4      | Reached skill level 5 in Earth Magic
  5210 | D:5      | Entered Level 5 of the Dungeon
  5440 | D:5      | Reached XP level 7. HP: 40/40 MP: 12/12
  5524 | D:5      | Found a sparkling altar of Nemelex Xobeh.
  6110 | D:6      | Found a shimmering altar of Xom.
  6112 | D:6      | Found an iron altar of Okawaru.
  6115 | D:6      | Found a hazy altar of Hepliaklqana.
  6157 | D:6      | Reached skill level 6 in Earth Magic
  6254 | D:6      | Found an opulent altar of Gozag.
  6293 | D:6      | Reached XP level 8. HP: 46/46 MP: 14/14
  6689 | D:6      | Found a staircase to the Ecumenical Temple.
  6696 | Temple   | Entered the Ecumenical Temple
  6839 | D:6      | Reached skill level 5 in Conjurations
  6965 | D:6      | Found a snail-covered altar of Cheibriados.
  7092 | D:6      | Reached skill level 7 in Earth Magic
  7095 | D:6      | Reached skill level 5 in Spellcasting
  7406 | D:6      | Reached XP level 9. HP: 52/52 MP: 16/16
  7512 | D:6      | Reached skill level 5 in Stealth
  7595 | D:6      | Identified the +6 hand axe "Ceduhoest" {elec, rC+ rN+
                  | Str+4}
  7777 | D:6      | Found a bloodstained altar of Trog.
  7777 | D:6      | Found a radiant altar of Vehumet.
  7781 | D:6      | Became a worshipper of Vehumet
  8141 | D:7      | Got the Compendium of Flames
  8197 | D:7      | Noticed Pikel
  8212 | D:7      | Killed Pikel
  8213 | D:7      | Reached skill level 8 in Earth Magic
  9313 | D:8      | Reached skill level 5 in Fighting
  9313 | D:8      | Reached XP level 10. HP: 55/59 MP: 19/19
  9403 | D:8      | Found an ancient bone altar of Kikubaaqudgha.
  9411 | D:8      | Reached * piety under Vehumet
  9411 | D:8      | Offered knowledge of Foxfire by Vehumet.
  9666 | D:8      | Found a glowing silver altar of Zin.
  9677 | D:8      | Reached skill level 9 in Earth Magic
  9690 | D:8      | Found a flagged portal.
  9786 | D:8      | Found a shimmering blue altar of Sif Muna.
 10001 | D:8      | Identified the +0 leather armour of the Bulwark {rPois}
 10511 | D:9      | Found a staircase to the Orcish Mines.
 11033 | D:10     | Entered Level 10 of the Dungeon
 11077 | D:10     | Noticed Nergalle
 11077 | D:10     | Noticed a two-headed ogre
 11085 | D:10     | Killed a two-headed ogre
 11090 | D:10     | Killed Nergalle
 11598 | D:10     | Noticed a two-headed ogre
 11602 | D:10     | Killed a two-headed ogre
 11603 | D:10     | Reached skill level 10 in Earth Magic
 11603 | D:10     | Reached XP level 11. HP: 64/64 MP: 20/22
 11933 | D:10     | Offered knowledge of Searing Ray by Vehumet.
 11934 | D:10     | Reached ** piety under Vehumet
 12185 | D:10     | Reached skill level 5 in Dodging
 12360 | D:10     | Found a glowing golden altar of the Shining One.
 12366 | D:10     | Found a basalt altar of Yredelemnul.
 12368 | D:10     | Noticed a profane servitor
 12793 | D:11     | Found Zepneth's Weapon Boutique.
 12806 | D:11     | Noticed Psyche
 12807 | D:11     | Killed Psyche
 12853 | D:11     | You fall into a shaft and drop 2 floors!
 13041 | D:13     | Noticed a necromancer
 13061 | D:13     | Killed a necromancer
 13062 | D:13     | Reached skill level 1 in Evocations
 13231 | D:13     | Noticed a fire dragon
 13287 | D:12     | Reached skill level 1 in Shields
 13345 | D:12     | Got Secoelofi's Handbook of Nephomancy and the Autopsy
 13373 | D:11     | Noticed a boulder beetle
 13623 | D:11     | Found a portal to a secret trove of treasure.
 13633 | D:11     | Reached skill level 1 in Fire Magic
 13897 | D:11     | Found Edimocui's Antique Armour Shop.
 13913 | D:11     | Noticed a two-headed ogre
 14070 | D:11     | Noticed Erica
 14085 | D:11     | Killed Erica
 14314 | D:11     | Found a staircase to the Lair.
 14319 | D:11     | Killed a two-headed ogre
 14407 | D:11     | Noticed a two-headed ogre
 14412 | D:11     | Killed a two-headed ogre
 14691 | D:11     | Killed a boulder beetle
 14993 | D:11     | Found Rosall's Antique Armour Shoppe.
 15154 | D:11     | Reached skill level 11 in Earth Magic
 15342 | Lair:1   | Entered Level 1 of the Lair of Beasts
 15572 | Lair:1   | Reached XP level 12. HP: 70/71 MP: 24/24
 15577 | Lair:1   | Offered knowledge of Hailstorm by Vehumet.
 16068 | Lair:1   | Identified the amulet of Lug Yroj {Faith rN+ Str+2 Stlth+}
 16423 | Lair:1   | Reached *** piety under Vehumet
 17574 | Lair:2   | Reached skill level 10 in Conjurations
 17617 | Lair:3   | Offered knowledge of Frozen Ramparts by Vehumet.
 18246 | Lair:2   | Found a staircase to the Swamp.
 18442 | Lair:2   | Noticed Maggie
 18448 | Lair:2   | Killed Maggie
 18629 | Lair:2   | Found a hole to the Spider Nest.
 18686 | Lair:2   | Reached **** piety under Vehumet
 19265 | Lair:2   | You fall into a shaft and drop 1 floor!
 19361 | Lair:3   | Offered knowledge of Lee's Rapid Deconstruction by Vehumet.
 19530 | Lair:3   | Noticed a seven-headed hydra
 19590 | Lair:3   | Killed a seven-headed hydra
 19591 | Lair:3   | Reached skill level 12 in Earth Magic
 19763 | Lair:3   | Noticed a boulder beetle
 19767 | Lair:3   | Reached XP level 13. HP: 78/78 MP: 26/26
 21892 | Lair:4   | Noticed Sonja
 21895 | Lair:4   | Killed Sonja
 22391 | Lair:4   | Noticed Josephine
 22655 | Lair:4   | Killed Josephine
 22656 | Lair:4   | Reached skill level 5 in Shields
 23355 | Lair:4   | Reached ***** piety under Vehumet
 23570 | Lair:4   | Offered knowledge of Orb of Destruction by Vehumet.
 24645 | Lair:4   | Found the +8 whip "Snakebite" {venom, curare, rPois}
 24988 | Lair:4   | Learned a level 5 spell: Fireball
 24995 | Lair:5   | Entered Level 5 of the Lair of Beasts
 25119 | Lair:5   | Reached skill level 13 in Earth Magic
 25371 | Lair:4   | Gained mutation: Your large and strong wings let you fly.
                  | [Gargoyle growth]
 25371 | Lair:4   | Reached XP level 14. HP: 66/84 MP: 10/27
 25673 | Lair:5   | Reached skill level 10 in Spellcasting
 26665 | Lair:5   | Reached skill level 5 in Fire Magic
 26901 | Lair:5   | Found a viscous altar of Jiyva.
 26901 | Lair:5   | Found a staircase to the Slime Pits.
 29478 | Lair:5   | Noticed a dire elephant
 29487 | Lair:5   | Killed a dire elephant
 29488 | Lair:5   | Reached skill level 10 in Stealth
 29514 | Lair:5   | HP: 3/86 [barbs]
 29515 | Lair:5   | Succumbed to barbed spike wounds

Illustrated notes

Levels and vault maps discovered:
D:1:      psy_arrival_radial02, layout_loops_cross,
          chequers_ecumenical_altar_simple, chequers_serial_rivers_small_3,
          serial_bayou_ford_a, chequers_avenue, corexii_hall_statues_t
D:2:      layout_basic, minmay_hexomino_f4
D:3:      layout_basic, uniq_crazy_yiuf_cottage
D:4:      layout_basic, serial_shops, nicolae_shop_just_a_little_nook,
          minmay_pentangle
D:5:      layout_loops_ring, nemelex_xobeh_ov_fountains_minmay
D:6:      minmay_angry_zag, layout_basic, mainiacjoe_overflow_chevrons,
          nicolae_gozag_cash_rules_everything_around_me,
          gammafunk_temple_overflow_elements, nicolae_overflow_hidden_temple,
          minmay_temple_entry_enclosed_plants, nicolae_ossuary_entry_giza,
          minmay_between
D:7:      layout_cave_pods, serial_column_ruins, column_ruins_hut,
          column_ruins_columns_straight, column_ruins_open_tiny_water,
          column_ruins_grid_3, column_ruins_columns_corner,
          column_ruins_open_small_water, column_ruins_open_medium,
          column_ruins_grid_1, supply_closet_lemuel, uniq_pikel
D:8:      layout_loops_ring, lemuel_crystal_altar, mainiacjoe_overflow_brackets,
          nicolae_kikubaaqudgha_miasma_corner, enter_bailey_2,
          kennysheep_small_circle
D:9:      regret_index_early_branch_jog, layout_loops_ring,
          minmay_orc_entry_guard_dogs
D:10:     layout_roguey, grunt_temple_overflow_holy_war, minivault_26,
          uniq_nergalle
D:11:     layout_roguey, david_lair_generic, enter_trove_6, serial_shops,
          shop_coins, nicolae_shop_bloodbath_and_beyond,
          nicolae_shop_dealshenge, uniq_erica, uniq_psyche
D:12:     layout_rooms
D:13:     layout_rooms, david_vaults_4, serial_shops, shop, uniq_jorgrun,
          uniq_azrael
Temple:   hellmonk_temple_beads
Lair:1:   layout_regular_city, minmay_hedge_maze, minivault_24,
          nicolae_quartered_pool_super, dreamdust_gnoll_shepherd
Lair:2:   layout_regular_city, nicolae_swamp_entry_splash_gauntlet,
          dummy_spider_entry, uniq_maggie
Lair:3:   layout_concentric_octagons, beast_lair_carwin_7
Lair:4:   minmay_guarded_unrand_snakebite, layout_loops_ring, st_stairs_8,
          uniq_sonja, uniq_josephine
Lair:5:   wormcave, layout_concentric_octagons, hangedman_lair_in_review,
          slime_entry_1

Skill      XL: |  1  2  3  4  5  6  7  8  9 10 11 12 13 14 |
---------------+-------------------------------------------+-----
Earth Magic    | 4 5 6 7 8 10 11 12 13 | 13.6
Fighting       | 1 2 3 4 5 6 7 8 9 |  9.0
Dodging        | 2 3 4 5 6 7 |  7.0
Conjurations   | 2 3 4 5 7 8 9 10 11 12 | 12.1
Spellcasting   | 3 4 5 6 7 8 9 10 | 10.4
Stealth        | 3 4 5 6 7 8 9 10 | 10.0
Evocations     | 2 3 4 |  4.8
Shields        | 2 4 5 6 |  6.3
Fire Magic     | 2 3 4 5 |  5.3

Action                     |  1- 3 |  4- 6 |  7- 9 | 10-12 | 13-15 || total
---------------------------+-------+-------+-------+-------+-------++-------
  Melee: Hand axe          |    16 |       |       |       |       ||    16
         Staff             |    18 |     7 |     8 |     2 |    43 ||    78
   Cast: Sandblast         |    36 |    84 |   132 |    85 |       ||   337
         Stone Arrow       |       |       |     6 |   274 |   402 ||   682
         Fireball          |       |       |       |       |    21 ||    21
    Use: Scroll            |     9 |     3 |     5 |     4 |     5 ||    26
   Stab: Sleeping          |     1 |     1 |       |       |       ||     2
 Armour: Robe              |    34 |    17 |    39 |    80 |   242 ||   412
  Dodge: Dodged            |    27 |    32 |    53 |   133 |   292 ||   537
  Block: Kite shield       |       |       |       |    35 |   201 ||   236
